 Dungeon Crawl Stone Soup version 0.30.1-11-g7821555f0a (webtiles) character file.

Game seed: 6425038032332159353

288436 cloudzero the Slayer (level 19, 0/202 HPs)
             Began as a Minotaur Berserker on Oct 29, 2023.
             Was the Champion of Trog.
             Slain by a merfolk impaler
             ... wielding a +4 demon trident of freezing
              (5 damage)
             ... on level 4 of the Shoals on Oct 30, 2023.
             The game lasted 02:18:20 (46104 turns).

cloudzero the Slayer (Minotaur Berserker)          Turns: 46104, Time: 02:18:22

Health: 0/202      AC: 40    Str: 33    XL:     19   Next: 88%
Magic:  18/18      EV: 16    Int:  3    God:    Trog [******]
Gold:   3583       SH: 24    Dex: 17    Spells: 18/18 levels left

rFire   + . .        a - +9 broad axe (heavy)
rCold   + . .        S - +0 tower shield
rNeg    . . .        l - +15 Maxwell's patent armour {-Cast -Tele rElec Will+ rCorr}
rPois   +            (helmet restricted)
rElec   +            t - +0 cloak
rCorr   +            G - +1 pair of gloves {Dex+3}
SInv    .            (no boots)
Will    ++...        F - amulet of reflection
Stlth   x              - ring "Ipnu" {rPois rC+ Dex+4}
HPRegen 0.53/turn    E - ring of protection from fire
MPRegen 0.16/turn

%: no teleportation, no spellcasting, reflection
@: on berserk cooldown, slowed, studying Dodging, invisible, very slow
A: horns 2, retaliatory headbutt, talons 2, strong 1, wild magic 1
}: 2/15 runes: abyssal, gossamer
a: Renounce Religion, Berserk, Trog's Hand, Brothers in Arms


You were on level 4 of the Shoals.
You worshipped Trog.
Trog was exalted by your worship.
You visited 7 branches of the dungeon, and saw 34 of its levels.
You visited the Abyss 1 time.
You also visited: Ice Cave.

You collected 3795 gold pieces.
You spent 212 gold pieces at shops.

Inventory:

Hand Weapons
 a - a +9 heavy broad axe (weapon)
 b - the +7 sling of Qazlal's Supremacy {flame, rPois}
   (You found it on level 3 of the Elven Halls)

   rPois:     It protects you from poison.
 z - the +8 war axe of Duwogof {flame, rF+}
   (Trog gifted it to you on level 4 of the Lair of Beasts)

   rF:        It protects you from fire.
Missiles
 H - 66 stones (quivered)
Armour
 l - the +15 Maxwell's patent armour (worn) {-Cast -Tele rElec Will+ rCorr}
   (You acquired it on level 3 of the Lair of Beasts)

   rElec:     It insulates you from electricity.
   -Cast:     It prevents spellcasting.
   -Tele:     It prevents most forms of teleportation.
   rCorr:     It protects you from acid and corrosion.
   Will:      It increases your willpower.
 t - a +0 cloak (worn)
 G - a +1 pair of gloves of dexterity (worn)
 S - a +0 tower shield (worn)
Jewellery
 v - a ring of protection from cold
 x - the ring "Ipnu" (left hand) {rPois rC+ Dex+4}
   (You acquired it on level 2 of the Orcish Mines)

   [ring of protection from cold]

   Dex:       It affects your dexterity (+4).
   rC:        It protects you from cold.
   rPois:     It protects you from poison.
 y - the amulet "Appo Ympo" {Faith +Inv rElec Will+ Str-5}
   (You took it off a deep elf knight on level 3 of the Elven Halls)

   [amulet of faith]

   It allows you to gain divine favour quickly.
   Str:       It affects your strength (-5).
   rElec:     It insulates you from electricity.
   +Inv:      It lets you turn invisible.
   Will:      It increases your willpower.
 E - a ring of protection from fire (right hand)
 F - an amulet of reflection (around neck)
 Q - a ring of Biedot {rPois rF- rC+ AC+4 Dex+5}
   (You found it on level 8 of the Dungeon)

   [ring of protection]

   AC:        It affects your AC (+4).
   Dex:       It affects your dexterity (+5).
   rF:        It makes you vulnerable to fire.
   rC:        It protects you from cold.
   rPois:     It protects you from poison.
 R - a ring of flight
 X - the ring "Aritwuf" {rElec rN+ rCorr Dex-5}
   (You bought it in a shop on level 2 of the Orcish Mines)

   [ring of positive energy]

   Dex:       It affects your dexterity (-5).
   rElec:     It insulates you from electricity.
   rN:        It protects you from negative energy.
   rCorr:     It protects you from acid and corrosion.
 Y - a ring of willpower
 Z - a ring of protection from fire
Wands
 g - a wand of digging (8)
 s - a wand of roots (17)
 D - a wand of quicksilver (57)
 M - a wand of polymorph (6)
 N - a wand of charming (10)
 O - a wand of mindburst (50)
 T - a wand of flame (108)
Scrolls
 f - 14 scrolls of teleportation
 i - 7 scrolls of fear
 m - 2 scrolls of silence
 o - 3 scrolls of vulnerability
 p - 7 scrolls of immolation
 q - 10 scrolls of fog
 r - 3 scrolls of blinking
 u - 8 scrolls of magic mapping
 B - a scroll of enchant weapon
 C - 5 scrolls of identify
 I - 8 scrolls of poison
 L - a scroll of summoning
Potions
 c - 4 potions of might
 d - 5 potions of attraction
 h - 11 potions of flight
 j - 8 potions of lignification
 k - 20 potions of curing
 n - 5 potions of mutation
 w - 6 potions of haste
 A - a potion of cancellation
 J - a potion of magic
 K - 8 potions of ambrosia
 P - a potion of resistance


   Skills:
 * Level 25.3 Fighting
 - Level 18.2 Axes
 + Level 23.0 Armour
 + Level 14.6 Dodging
 - Level 15.0 Shields


You had 18 spell levels left.
You didn't know any spells.
Your spell library was empty.

Dungeon Overview and Level Annotations

Branches:
Dungeon (15/15)            Temple (0/1) D:4            Lair (5/5) D:11
 Shoals (4/4) Lair:2       Spider (4/4) Lair:2        Slime (1/5) Lair:4
    Orc (2/2) D:12            Elf (3/3) Orc:2        Vaults (0/5) D:14
 Depths (0/4) D:15          IceCv (visited)

Altars:
Ashenzari
Hepliaklqana
Makhleb
Okawaru
Trog
Vehumet
Yredelemnul
Zin
The Shining One
Jiyva

Shops:
D:6 ?   D:9 (   D:11 *   D:14 (   Orc:2 (*((   Elf:1 ?=   Elf:2 (   Shoals:2 *
Shoals:3 *   Shoals:4 [

Annotations:
D:6 Shop
Lair:4 exclusion: downstairs
Spider:3 2 transporters, exclusion: oklob plant, Anuqaetage's ghost, adept HOFi; Arachne; Cumomo's ghost, adept SpEn; Daunoc's ghost, adept NaBe


Innate Abilities, Weirdness & Mutations

You have a pair of horns on your head.
You reflexively headbutt those who attack you in melee.
You have razor-sharp toenails.
Your muscles are strong. (Str +4, Int/Dex -1)
Your spells are a little harder to cast, but a little more powerful.


Message History

The manticore flicks its tail.
You block volley of spikes... and reflect it back!
The volley of spikes hits the manticore!
The merfolk hits you but does no damage.
You block the merfolk impaler's attack.
The sentinel's mark upon you fades away.
The frost giant gestures at you while chanting.
The bolt of cold misses you.
The merfolk javelineer throws a javelin.
The javelin pierces through you but does no damage.
The javelin pierces through the manticore!!
You block the manticore's attack. x3
The merfolk hits you but does no damage.
The merfolk impaler hits you from afar with a +4 demon trident of freezing!
* * * LOW HITPOINT WARNING * * *
The merfolk impaler freezes you.
* * * LOW HITPOINT WARNING * * *
The merfolk impaler hits you but does no damage.
The manticore bites you!
* * * LOW HITPOINT WARNING * * *
You block the manticore's attack. x2; The merfolk throws a boomerang.
The boomerang hits you but does no damage.
The merfolk impaler hits you from afar with a +3 demon trident of freezing!
* * * LOW HITPOINT WARNING * * *
The merfolk impaler freezes you.
* * * LOW HITPOINT WARNING * * *
The frost giant is engulfed in freezing vapours.
The manticore closely misses you. You furiously retaliate!
You headbutt the manticore!! You block the manticore's attack.
The manticore claws you but does no damage.
You block the merfolk impaler's attack. x2; The merfolk closely misses you.
You fade into invisibility!
The merfolk impaler closely misses you.
You block the merfolk impaler's attack. x2
The merfolk javelineer throws a javelin.
The javelin pierces through the merfolk!!
The javelin closely misses you. You block the manticore's attack.
The manticore claws you but does no damage.
The manticore closely misses you. You block the merfolk impaler's attack.
The merfolk impaler hits you from afar with a +4 demon trident of freezing.
You die...

#~#......#...≈...##.........
###~....~##.#...###.........
#~###~~~~~#######...).......
~~~##~~~~~#######...))...~~#
#~##~~~~~~.........)....~###
~≈##~~~~~~~........m)).###
#~###~~~~~~.......m.)).~#
~~~##~≈≈≈~~.......m)).~##
.~~##~~≈≈~~....<@.m...~~#
###~~~~~~~~P....H.mC..~~#
#~~.~P~~~~~P.........~~##
.....~~~~~~~...~~....~~~#
....[~~P~P~~~~~.~~~~~~~~~#
....÷)~~~P~P~P~P~..~~~~~~#
.....÷~~~~~~~~~~~~~.....~~
....÷.~~~P~P~~~~~~~.......
...).)†P~~P~~~~


You could see a frost giant, 3 merfolk impalers, a merfolk javelineer (unable to
see you), a merfolk (unable to see you) and a manticore (unable to see you,
skewered).

Vanquished Creatures
  An ancient lich (Abyss:3)
  A profane servitor (Abyss:3)
  2 deep elf blademasters (Elf:3)
  A shard shrike skeleton (Abyss:3)
  2 deep elf master archers (Elf:3)
  Frances (Shoals:1)
  A kraken (Shoals:2)
  2 tentacled starspawn (Abyss:3)
  Agnes (Elf:2)
  Kirke (Spider:3)
  Donald (Shoals:2)
  Ilsuiw (Shoals:2)
  4 emperor scorpions (Spider:4)
  6 deep elf sorcerers
  Louise (Shoals:3)
  A balrug (Abyss:3)
  3 ghost moths (Spider:4)
  8 deep elf elementalists (Elf:3)
  An orc warlord (Orc:2)
  Nessos (Lair:3)
  4 deep elf demonologists
  4 deep elf annihilators (Elf:3)
  3 spark wasps
  A spark wasp (shapeshifter) (Abyss:3)
  An eidolon (Abyss:3)
  A deep elf death mage (Elf:1)
  6 merfolk impalers
  2 crystal guardians (Abyss:3)
  7 merfolk javelineers
  A deep elf high priest (Elf:3)
  A great orb of eyes (Abyss:3)
  Erolcha (Orc:2)
  9 entropy weavers
  2 jorogumos
  A fire dragon (Lair:5)
  3 ghost crabs (Lair:3)
  An ice dragon (shapeshifter) (Abyss:3)
  An alligator snapping turtle (Shoals:4)
  A hydra (shapeshifter) (Abyss:3)
  5 hydras
  7 centaur warriors
  A catoblepas (Lair:5)
  4 radroaches
  11 boulder beetles
  36 dancing weapons
  3 merfolk aquamancers
  3 satyrs
  3 merfolk avatars
  A tengu warrior (D:15)
  A satyr (shapeshifter) (D:15)
  2 naga warriors (Abyss:3)
  2 two-headed ogres
  6 orc high priests
  8 death yaks
  4 thrashing horrors (Abyss:3)
  Urug (Lair:3)
  Sonja (Orc:1)
  A titan zombie (Abyss:3)
  12 deep elf knights
  3 sun demons (Abyss:3)
  7 wretched stars (Abyss:3)
  3 sun moths
  A skyshark (shapeshifter) (Elf:3)
  4 skysharks
  6 fire crabs
  14 sea snakes
  5 pharaoh ants
  6 orb spiders
  A spriggan druid (Elf:1)
  Pikel (D:9)
  4 necromancers
  A phantasmal warrior (Abyss:3)
  4 deep elf archers
  9 deep elf zephyrmancers
  5 harpies
  10 orc knights
  A harpy (shapeshifter) (Elf:2)
  26 deep elf pyromancers
  6 fauns
  4 steelbarb worms
  6 ugly things
  9 manticores
  11 wolf spiders
  An orc sorcerer (Orc:2)
  16 large abominations
  4 moths of wrath
  8 cyclopes
  23 elephants
  10 merfolk sirens
  A guardian serpent (Abyss:3)
  4 smoke demons (Abyss:3)
  A naga mage (D:15)
  6 black mambas (Lair:5)
  3 guardian serpents (shapeshifter)
  2 molten gargoyles (Lair:5)
  An apocalypse crab (Lair:3)
  2 ice statues (IceCv)
  4 water nymphs (Shoals:4)
  7 demonic crawlers
  Psyche (D:10)
  10 cane toads
  Maggie (D:7)
  2 rime drakes
  A yaktaur (D:15)
  3 kobold demonologists
  A naga skeleton (Abyss:3)
  6 unseen horrors (Abyss:3)
  2 torpor snails (Spider:3)
  35 merfolk
  An efreet (D:15)
  8 komodo dragons
  A freezing wraith (IceCv)
  A troll (shapeshifter) (D:13)
  3 trolls
  3 ancient zymes (Abyss:3)
  5 hornets (Spider:4)
  4 polar bears
  22 tarantellas
  24 blink frogs
  A wind drake (shapeshifter) (Elf:1)
  6 wind drakes
  Prince Ribbit (D:9)
  A raiju (shapeshifter) (D:13)
  Grinder (D:6)
  11 dream sheep
  15 snapping turtles
  4 raiju (Abyss:3)
  43 jumping spiders
  A shadow (D:12)
  A centaur simulacrum (D:14)
  A culicivora (shapeshifter) (Abyss:3)
  16 water elementals
  8 slime creatures
  45 yaks
  18 culicivoras
  3 air elementals
  A vampire (D:9)
  6 wyverns
  3 hogs (Spider:3)
  6 basilisks
  A dire elephant simulacrum (IceCv)
  2 neqoxecs (Abyss:3)
  3 fire elementals (Elf:1)
  Eustachio (D:6)
  3 wraiths
  4 steam dragons
  49 redbacks
  A vampire mosquito (Spider:2)
  A chaos spawn (Abyss:3)
  Menkaure (D:7)
  A naga (Abyss:3)
  8 wargs
  A death yak simulacrum (IceCv)
  An acid dragon (D:10)
  3 hell hounds (Lair:5)
  15 water moccasins
  3 black bears
  38 orc warriors
  6 ogres
  An ettin simulacrum (Orc:1)
  22 wolves
  5 small abominations (Abyss:3)
  16 centaurs
  3 phantoms
  8 kobold brigands
  11 bullfrogs
  4 elf zombies (Elf:1)
  A cyclops zombie (Orc:1)
  A cane toad simulacrum (IceCv)
  13 scorpions
  2 earth elementals (Elf:1)
  23 wights
  A warg skeleton (Orc:1)
  An elephant simulacrum (IceCv)
  14 killer bees
  11 electric eels
  9 howler monkeys
  6 lava snakes
  2 jellies
  2 quasits (Abyss:3)
  7 hounds
  A gnoll bouda (D:9)
  38 orc priests
  3 iguanas
  4 hell rats (Lair:3)
  27 orc wizards
  A troll simulacrum (Orc:1)
  8 gnolls
  An ogre simulacrum (Orc:1)
  11 adders
  An orc zombie (Orc:1)
  3 orc skeletons (Orc:1)
  4 shadow imps
  4 white imps
  An ufetubus (D:5)
  2 dart slugs
  98 orcs
  6 endoplasms
  A giant cockroach (D:4)
  7 goblins
  9 hobgoblins
  5 jackals
  A quokka (D:3)
  9 ball pythons
  5 bats
  2 frilled lizards
  23 kobolds
  7 rats
  A spectral weapon (Spider:3)
  2 starspawn tentacles (Abyss:3)
  3 tentacles (Shoals:2)
1361 creatures vanquished.

Vanquished Creatures (collateral kills)
  A ghost moth (Spider:4)
  3 deep elf annihilators (Elf:3)
  A merfolk avatar (Shoals:2)
  A thrashing horror (Abyss:3)
  2 unseen horrors (Abyss:3)
  A troll (Orc:1)
  A redback (Spider:4)
  An orc warrior (Orc:1)
  An ogre (Orc:1)
  An orc skeleton (Orc:1)
  A cyclops zombie (Orc:1)
  An iron imp (Abyss:3)
  An orc zombie (Orc:1)
  An orc (Orc:1)
17 creatures vanquished.

Vanquished Creatures (others)
  Asterion (Spider:3)
  A deep elf high priest (Elf:2)
  2 deep elf pyromancers (Elf:2)
  2 merfolk (Shoals:4)
  2 lurking horrors (Abyss:3)
  5 starspawn tentacles (Abyss:3)
  5 tentacles (Shoals:2)
18 creatures vanquished.

Grand Total: 1396 creatures vanquished

Notes
Turn   | Place    | Note
-------+----------+-------------------------------------------
     0 | D:1      | cloudzero the Minotaur Berserker began the quest for the
                  | Orb.
     0 | D:1      | Reached XP level 1. HP: 19/19 MP: 0/0
   150 | D:1      | Reached XP level 2. HP: 20/27 MP: 1/1
   555 | D:1      | Reached ** piety under Trog
   647 | D:2      | Reached skill level 4 in Fighting
   719 | D:2      | Reached XP level 3. HP: 29/33 MP: 2/2
  1744 | D:3      | Found an iron altar of Okawaru.
  2021 | D:3      | Reached XP level 4. HP: 34/40 MP: 3/3
  2613 | D:4      | Noticed an ogre
  2643 | D:4      | Killed an ogre
  2644 | D:4      | Reached skill level 5 in Axes
  2644 | D:4      | Reached XP level 5. HP: 41/47 MP: 4/4
  2750 | D:4      | Noticed an orc warrior
  2767 | D:4      | Killed an orc warrior
  2768 | D:4      | Reached skill level 5 in Fighting
  2768 | D:4      | Reached XP level 6. HP: 40/56 MP: 5/5
  3121 | D:4      | Reached *** piety under Trog
  3194 | D:4      | Found a glowing golden altar of the Shining One.
  3221 | D:4      | Found a staircase to the Ecumenical Temple.
  3372 | D:4      | Found a broken altar of Ashenzari.
  3668 | D:5      | Entered Level 5 of the Dungeon
  3893 | D:5      | Reached XP level 7. HP: 61/61 MP: 6/6
  4291 | D:5      | Reached skill level 5 in Armour
  4381 | D:5      | Reached skill level 6 in Fighting
  4390 | D:5      | Noticed a redback
  4391 | D:5      | Found a runed translucent gate.
  4398 | D:5      | Found a runed translucent door.
  4399 | D:5      | Found a runed translucent gate.
  4406 | D:5      | Found the +9 staff of Olgreb {rPois∞}
  4410 | D:5      | Found a runed translucent door.
  4434 | D:5      | Noticed a redback
  4435 | D:5      | Found a runed translucent gate.
  4435 | D:5      | Noticed a redback
  4438 | D:5      | Found a glowing silver altar of Zin.
  4581 | D:5      | Reached skill level 5 in Dodging
  4581 | D:5      | Reached XP level 8. HP: 70/70 MP: 7/7
  5269 | D:5      | Reached skill level 7 in Fighting
  5278 | D:5      | Reached XP level 9. HP: 25/79 MP: 8/8
  5282 | D:5      | HP: 3/79 [poisoned by a water moccasin]
  5284 | D:6      | HP: 1/79 [poisoned by a water moccasin]
  6084 | D:5      | Reached skill level 10 in Axes
  6231 | D:6      | Found Nedoziem's Magic Scroll Shop.
  6314 | D:6      | Reached **** piety under Trog
  6342 | D:6      | Noticed Grinder
  6347 | D:6      | Killed Grinder
  6348 | D:6      | Reached skill level 8 in Fighting
  6355 | D:6      | Noticed Eustachio
  6368 | D:6      | Killed Eustachio
  6600 | D:6      | Found a burning altar of Makhleb.
  7214 | D:7      | Noticed Menkaure
  7219 | D:7      | Killed Menkaure
  7220 | D:7      | Reached XP level 10. HP: 90/90 MP: 9/9
  7246 | D:7      | Noticed Maggie
  7259 | D:7      | Killed Maggie
  8059 | D:8      | Reached skill level 9 in Fighting
  8059 | D:8      | Reached skill level 1 in Shields
  8322 | D:8      | Identified a ring of Biedot {rPois rF- rC+ AC+4 Dex+5}
  8514 | D:8      | Reached ***** piety under Trog
  8867 | D:9      | Noticed Prince Ribbit
  8874 | D:9      | Killed Prince Ribbit
  9051 | D:9      | Identified the +6 war axe of the Spider {speed, Fragile
                  | rCorr Int-5 Dex+8}
  9051 | D:9      | Noticed Pikel
  9061 | D:9      | Killed Pikel
  9068 | D:9      | Lost intelligence.
  9471 | D:9      | Noticed a +0 bardiche
  9473 | D:9      | Found Wide's Weapon Shop.
  9478 | D:9      | Noticed a +0 lajatang
  9540 | D:9      | Reached XP level 11. HP: 99/99 MP: 10/10
  9588 | D:9      | Identified the +3 broad axe of Sippa {flame, rPois SInv}
                  | (Trog gifted it to you on level 9 of the Dungeon)
  9588 | D:9      | Received a gift from Trog
  9589 | D:9      | Reached skill level 10 in Fighting
 10079 | D:10     | Entered Level 10 of the Dungeon
 10223 | D:10     | Found a hazy altar of Hepliaklqana.
 10226 | D:10     | Found a bloodstained altar of Trog.
 10229 | D:10     | Found a radiant altar of Vehumet.
 10239 | D:10     | Found a basalt altar of Yredelemnul.
 10465 | D:10     | Noticed Psyche
 10476 | D:10     | Killed Psyche
 10596 | D:10     | Reached skill level 10 in Armour
 10596 | D:10     | Reached skill level 5 in Shields
 11206 | D:11     | Noticed a death yak
 11219 | D:11     | Killed a death yak
 11221 | D:11     | Noticed a death yak
 11366 | D:11     | Noticed a death yak
 11378 | D:11     | Killed a death yak
 11383 | D:11     | Killed a death yak
 11384 | D:11     | Reached skill level 11 in Fighting
 11683 | D:11     | Noticed a deep elf pyromancer
 11697 | D:11     | Killed a deep elf pyromancer
 11710 | D:11     | Found a staircase to the Lair.
 11935 | D:11     | Found Xoostam's Elemental Accessories.
 12338 | D:11     | Reached skill level 15 in Axes
 12781 | D:12     | Noticed a boulder beetle
 12808 | D:12     | Killed a boulder beetle
 12809 | D:12     | Reached XP level 12. HP: 91/110 MP: 11/11
 13210 | D:12     | Noticed a boulder beetle
 13227 | D:12     | Killed a boulder beetle
 13552 | D:12     | Noticed a boulder beetle
 13580 | D:12     | Killed a boulder beetle
 14044 | D:12     | Found a staircase to the Orcish Mines.
 14351 | Lair:1   | Entered Level 1 of the Lair of Beasts
 14364 | Lair:1   | Identified a scroll of acquirement
 14448 | Lair:1   | Reached skill level 12 in Fighting
 14494 | Lair:1   | Found a frozen archway.
 14506 | IceCv    | Entered an ice cave
 14574 | IceCv    | Found a transporter.
 14587 | IceCv    | Found a transporter.
 14973 | IceCv    | Received a gift from Trog
 16534 | Lair:2   | Found a hole to the Spider Nest.
 16604 | Lair:2   | Reached XP level 13. HP: 119/119 MP: 12/12
 16820 | Lair:2   | Reached skill level 13 in Fighting
 16934 | Lair:2   | Found a staircase to the Shoals.
 17027 | Lair:2   | Identified the +4 scale mail "Jurung" {SInv}
 17510 | Lair:3   | Noticed Nessos
 18040 | Lair:3   | Killed Nessos
 18177 | Lair:3   | Found a runed translucent door.
 19020 | Lair:3   | Reached skill level 14 in Fighting
 19881 | Lair:3   | Identified the +3 leather armour of the Valley of Death
                  | {rElec rN+}
 20367 | Lair:3   | Reached XP level 14. HP: 133/133 MP: 13/13
 20444 | Lair:3   | Noticed Urug
 20461 | Lair:3   | Killed Urug
 20812 | Lair:4   | Found a viscous altar of Jiyva.
 20812 | Lair:4   | Found a staircase to the Slime Pits.
 21314 | Lair:3   | Acquired the +15 Maxwell's patent armour {-Cast -Tele rElec
                  | Will+ rCorr}
 21314 | Lair:3   | Found the +15 Maxwell's patent armour {-Cast -Tele rElec
                  | Will+ rCorr}
 21346 | Lair:4   | Identified the +8 war axe of Duwogof {flame, rF+} (Trog
                  | gifted it to you on level 4 of the Lair of Beasts)
 21346 | Lair:4   | Received a gift from Trog
 21367 | Lair:4   | Reached skill level 15 in Fighting
 21696 | Lair:4   | Reached skill level 15 in Armour
 22255 | Lair:5   | Entered Level 5 of the Lair of Beasts
 22579 | Lair:5   | Identified the +1 quarterstaff of Equilibrium {heavy, Str+3
                  | Dex-2 SInv}
 22632 | Lair:5   | Reached skill level 10 in Shields
 23018 | Lair:5   | Reached skill level 16 in Fighting
 23126 | Lair:5   | Reached ****** piety under Trog
 23285 | Lair:5   | Found a large runed translucent door.
 23286 | Lair:5   | Found a large runed translucent door.
 23833 | Orc:1    | Entered Level 1 of the Orcish Mines
 23840 | Orc:1    | Received a gift from Trog
 24042 | Orc:1    | Noticed Sonja
 24060 | Orc:1    | Killed Sonja
 24061 | Orc:1    | Reached XP level 15. HP: 106/145 MP: 14/14
 24538 | Orc:2    | Entered Level 2 of the Orcish Mines
 24538 | Orc:2    | Found a staircase to the Elven Halls.
 24617 | Orc:2    | Received a gift from Trog
 25081 | Orc:2    | Noticed Erolcha
 25095 | Orc:2    | Killed Erolcha
 25231 | Orc:2    | Acquired the ring "Ipnu" {rPois rC+ Dex+4}
 25363 | Orc:2    | Received a gift from Trog
 26062 | Orc:2    | Reached skill level 17 in Fighting
 26858 | Orc:2    | Found Bosagit's Assorted Antiques.
 26861 | Orc:2    | Found Jahemyhy's Weapon Shoppe.
 26862 | Orc:2    | Found Saqeel's Antique Weapon Emporium.
 26863 | Orc:2    | Found Foahell's Weapon Emporium.
 26909 | Orc:2    | Bought a warped copper ring for 115 gold pieces
 26909 | Orc:2    | Identified the ring "Aritwuf" {rElec rN+ rCorr Dex-5} (You
                  | bought it in a shop on level 2 of the Orcish Mines)
 27625 | D:13     | Found a glowing silver altar of Zin.
 27979 | D:14     | Found Norieq's Antique Weapon Shop.
 28162 | D:14     | You fall into a shaft and drop 1 floor!
 28162 | D:15     | Entered Level 15 of the Dungeon
 28377 | D:14     | Found a gate to the Vaults.
 28986 | D:15     | Found a staircase to the Depths.
 29046 | D:15     | Received a gift from Trog
 29453 | Spider:1 | Entered Level 1 of the Spider Nest
 29458 | Spider:1 | Reached skill level 18 in Fighting
 29470 | Spider:1 | Reached XP level 16. HP: 128/157 MP: 15/15
 30176 | Spider:2 | Received a gift from Trog
 31203 | Spider:2 | Gained mutation: You occasionally lose the ability to read
                  | scrolls when taking damage. [potion of mutation]
 31203 | Spider:2 | Gained mutation: You are clumsy. (Dex -2) [potion of
                  | mutation]
 31203 | Spider:2 | Gained mutation: You have sharp toenails. [potion of
                  | mutation]
 31204 | Spider:2 | Lost mutation: You occasionally lose the ability to read
                  | scrolls when taking damage. [potion of mutation]
 31204 | Spider:2 | Lost mutation: You are clumsy. (Dex -2) [potion of
                  | mutation]
 31204 | Spider:2 | Gained mutation: Your muscles are strong. (Str +4, Int/Dex
                  | -1) [potion of mutation]
 31204 | Spider:2 | Gained mutation: Your spells are a little harder to cast,
                  | but a little more powerful. [potion of mutation]
 31204 | Spider:2 | Gained mutation: You have razor-sharp toenails. [potion of
                  | mutation]
 31329 | Spider:2 | Received a gift from Trog
 31575 | Spider:3 | Found a transporter.
 31576 | Spider:3 | Found a transporter.
 31577 | Spider:3 | Noticed Daunoc's ghost (adept NaBe)
 31587 | Spider:3 | Noticed Anuqaetage's ghost (adept HOFi)
 31688 | Spider:3 | Noticed Asterion
 31705 | Spider:3 | Reached skill level 19 in Fighting
 31707 | Spider:3 | Killed Asterion
 32050 | Spider:3 | Reached skill level 15 in Shields
 32258 | Spider:3 | Noticed Kirke
 32265 | Spider:3 | Killed Kirke
 32828 | Spider:3 | Noticed Arachne
 32907 | Spider:3 | Noticed Cumomo's ghost (adept SpEn)
 33392 | Spider:4 | Entered Level 4 of the Spider Nest
 33616 | Spider:4 | Reached XP level 17. HP: 164/170 MP: 1/16
 33737 | Spider:4 | Reached skill level 20 in Fighting
 34128 | Spider:4 | Got a gossamer rune of Zot
 35098 | Slime:1  | Entered Level 1 of the Pits of Slime
 35100 | Slime:1  | Noticed an acid blob
 35278 | Elf:1    | Entered Level 1 of the Elven Halls
 35577 | Elf:1    | Found Memal's Jewellery Emporium.
 35577 | Elf:1    | Found Raloman's Magic Scroll Shoppe.
 35604 | Elf:1    | Bought a scroll of enchant weapon for 97 gold pieces
 36277 | Elf:2    | Found Banyoj's Antique Weapon Emporium.
 36283 | Elf:2    | Received a gift from Trog
 36358 | Elf:2    | Reached skill level 21 in Fighting
 36612 | Elf:2    | Paralysed by an air elemental for 1 turns
 36663 | Elf:2    | Noticed Agnes
 36669 | Elf:2    | Killed Agnes
 36689 | Elf:2    | Noticed a Tzitzimitl
 36695 | Elf:1    | HP: 7/157 [poisoned by a green death (poison arrow)]
 37618 | Elf:2    | Found a runed translucent gate.
 37627 | Elf:2    | Found a runed translucent gate.
 37627 | Elf:2    | Found a runed translucent gate.
 37838 | Elf:2    | Received a gift from Trog
 38086 | Elf:2    | Reached XP level 18. HP: 184/184 MP: 17/17
 38124 | Elf:2    | Reached skill level 22 in Fighting
 38337 | Elf:3    | Entered Level 3 of the Elven Halls
 38339 | Elf:3    | Paralysed by an air elemental for 1 turns
 38343 | Elf:3    | Reached skill level 10 in Dodging
 38726 | Elf:3    | Noticed a Hell Sentinel
 38729 | Elf:3    | Received a gift from Trog
 38746 | Abyss:3  | Cast into level 3 of the Abyss (a deep elf sorcerer)
 38803 | Abyss:3  | Lost intelligence.
 38992 | Abyss:3  | Noticed a profane servitor
 39021 | Abyss:3  | Killed a profane servitor
 39022 | Abyss:3  | Reached skill level 23 in Fighting
 39327 | Abyss:3  | Noticed an ancient lich
 39356 | Abyss:3  | Killed an ancient lich
 39381 | Abyss:3  | Got an abyssal rune of Zot
 39486 | Abyss:3  | HP: 5/189 [smoke demon/divine providence (15)]
 39505 | Abyss:3  | Received a gift from Trog
 39561 | Abyss:3  | Found a basalt altar of Yredelemnul.
 39615 | Elf:3    | Escaped the Abyss
 39624 | Elf:3    | Reached XP level 19. HP: 35/198 MP: 13/18
 39626 | Elf:3    | HP: 13/297 [deep elf master archer/arrow (5)]
 39631 | Elf:3    | HP: 5/198 [deep elf annihilator/bolt of lightning (11)]
 40172 | Elf:3    | Identified the amulet "Appo Ympo" {Faith +Inv rElec Will+
                  | Str-5}
 40206 | Elf:3    | Identified the +7 sling of Qazlal's Supremacy {flame,
                  | rPois}
 40230 | Elf:3    | Identified the staff of poison "Odeshror" {rPois Will+++
                  | Str+4 Int-4}
 40251 | Elf:3    | Identified the +2 leather armour of Youthful Indiscretion
                  | {rF+ Regen+ Str+4 Int-3}
 40272 | Elf:3    | Identified the +7 spear "Lovvoc" {drain, Fragile rElec
                  | Dex+8 Stlth-}
 40319 | Elf:3    | Found the crystal ball of Wucad Mu {*channel}
 40323 | Elf:3    | Identified the +5 sling of Uqeleet {antimagic, Fragile
                  | rPois Int+4}
 40349 | Elf:3    | Identified the staff of earth "Naedai" {+Blink rPois rCorr
                  | Str-2}
 41156 | Shoals:1 | Entered Level 1 of the Shoals
 41218 | Shoals:1 | Reached skill level 24 in Fighting
 41462 | Shoals:1 | Noticed Frances
 41472 | Shoals:1 | Killed Frances
 42108 | Shoals:2 | Received a gift from Trog
 42241 | Shoals:2 | Noticed Ilsuiw
 42249 | Shoals:2 | Killed Ilsuiw
 42575 | Shoals:2 | Noticed Donald
 42582 | Shoals:2 | Killed Donald
 43911 | Shoals:2 | Found Enarrafufo's Island Escapes.
 44420 | Shoals:3 | Identified the +4 spear of Armageddon {vamp, rCorr Dex+4}
 44579 | Shoals:3 | Noticed Louise
 44583 | Shoals:3 | Received a gift from Trog
 44585 | Shoals:3 | Killed Louise
 44795 | Shoals:3 | Found Voahotah's General Store.
 45136 | Shoals:4 | Entered Level 4 of the Shoals
 45380 | Shoals:4 | Reached skill level 25 in Fighting
 45832 | Shoals:4 | Identified the +3 scimitar "Yfaudoqa" {drain, rN+}
 46098 | Shoals:4 | Received a gift from Trog
 46103 | Shoals:4 | HP: 5/202 [merfolk impaler/+3 demon trident of freezing
                  | (17)]
 46104 | Shoals:4 | Slain by a merfolk impaler

Illustrated notes

Levels and vault maps discovered:
D:1:      nicolae_arrival_washed_ashore, layout_rooms
D:2:      layout_basic, amcnicky_mini_pool_small
D:3:      layout_loops_corners, nicolae_overflow_crystal_walls
D:4:      layout_basic, mainiacjoe_overflow_surrounded_room,
          mainiacjoe_overflow_24_doors, minmay_temple_entry_gardened_gates,
          kennysheep_generic_room_5
D:5:      layout_gridville, mainiacjoe_overflow_alcove_4, st_stairs_13,
          dreamdust_princess_bridge, minmay_guarded_unrand_staff_of_olgreb
D:6:      minmay_octagon_keep, layout_loops_ring, makhleb_heckhound_becter,
          serial_shops, nicolae_shop_just_a_little_nook, uniq_eustachio,
          uniq_grinder
D:7:      layout_gridville, uniq_maggie, uniq_menkaure
D:8:      layout_cave_pools
D:9:      layout_roguey, serial_shops, nicolae_shop_mannequins, grunt_potential,
          uniq_pikel, uniq_prince_ribbit1
D:10:     layout_long_grid, grunt_temple_overflow_cloverleaf,
          kennysheep_generic_room_3, uniq_psyche
D:11:     layout_basic, dpeg_lair_monsters, nicolae_elemental_shop
D:12:     layout_loops_corners, orc_0_dummy
D:13:     layout_loops_corners, zin_angel
D:14:     layout_rooms, erik_vaults_1, serial_shops, shop, nrook_campfire
D:15:     hangedman_depths_entry_try_elsewhere_first, layout_long_grid,
          minmay_fractal_squares_gapless_7
Lair:1:   layout_roguey, serial_bayou, serial_bayou_pond_c,
          serial_bayou_shore_b, serial_bayou_pond_d, serial_bayou_ford_a,
          serial_bayou_shore_a, serial_bayou_crossing,
          portal_ice_cave_entry_pillars_2
Lair:2:   layout_gridlike, elwin_shoals_entry_stream, spider_nest_entry_a
Lair:3:   gammafunk_mikee_crab_dinner, layout_cellular_growth, uniq_urug,
          uniq_nessos
Lair:4:   layout_regular_city, slime_entry_1
Lair:5:   cheibrodos_lair_end_hotspot, layout_cave_pods,
          pdpol_lair_neglected_garden, infiniplex_staircase_pool_2
Shoals:1: layout_shoals, uniq_frances
Shoals:2: layout_shoals, nicolae_island_escapes, uniq_donald, uniq_ilsuiw
Shoals:3: layout_shoals, serial_shops, nicolae_shop_waterfront,
          nicolae_shoals_water_booths, uniq_louise
Shoals:4: shoals_end_grunt_ice, layout_shoals, serial_shops, shop
Spider:1: nicolae_spider_jumping_over_cracks
          [nicolae_spider_jumping_sub_shuffled, nicolae_spider_jumping_sub_moat,
          nicolae_spider_jumping_sub_grid, nicolae_spider_jumping_sub_no_exit]
Spider:2: layout_spider_delve, einodemon_crawler_minivault
Spider:3: layout_chambers, nzn_ghost_randoct, uniq_kirke, uniq_asterion
Spider:4: spider_rune_water
Slime:1:  layout_caves
Orc:1:    dreamdust_under_siege, layout_diamond_mine, uniq_sonja
Orc:2:    st_orc_pillars, layout_diamond_mine, nooodl_orcs_dogs, uniq_erolcha
Elf:1:    elf_arrival_001, layout_loops_ring, minmay_elf_necromancy,
          kilobyte_rumbling_trees, minmay_shoptagon
Elf:2:    nicolae_elf_blades_splatter_lattice [mumra_blade_entry_bloodbath],
          layout_geoelf_diagonals, serial_shops, nicolae_diamond_shop,
          uniq_agnes
Elf:3:    elf_hall, layout_geoelf_grid, grunt_megastairs_3

Skill      XL: |  1  2  3  4  5  6  7  8  9 10 11 12 13 14 15 16 17 18 19 |
---------------+----------------------------------------------------------+-----
Axes           | 4 5 6 7 9 11 13 15 17 18 | 18.2
Fighting       | 4 5 6 7 8 9 11 12 14 16 18 19 21 23 25 | 25.3
Armour         | 3 4 5 6 8 9 11 12 14 16 17 19 21 22 23 | 23.0
Dodging        | 3 4 5 6 7 8 9 11 14 | 14.6
Shields        | 3 5 7 11 13 15 | 15.0

Action                     |  1- 3 |  4- 6 |  7- 9 | 10-12 | 13-15 | 16-18 | 19-21 || total
---------------------------+-------+-------+-------+-------+-------+-------+-------++-------
  Melee: Hand axe          |   111 |    96 |       |       |       |       |       ||   207
         Headbutt          |    15 |    13 |    21 |   109 |   218 |   171 |    83 ||   630
         Punch             |     2 |     3 |     1 |       |       |       |       ||     6
         War axe           |       |       |   163 |   188 |   258 |    88 |       ||   697
         Battleaxe         |       |       |       |    14 |       |       |       ||    14
         Broad axe         |       |       |       |   349 |   687 |   766 |   364 ||  2166
         Kick              |       |       |       |       |       |   216 |   114 ||   330
         Unarmed           |       |       |       |       |       |     3 |       ||     3
   Fire: Sling             |       |       |       |       |       |       |    32 ||    32
  Throw: Throwing net      |       |       |       |       |       |     1 |       ||     1
 Invoke: Berserk           |       |     2 |     5 |     8 |     3 |     7 |     1 ||    26
         Trog's Hand       |       |       |       |       |       |     4 |     7 ||    11
         Brothers in Arms  |       |       |       |       |       |     3 |       ||     3
    Use: Potion            |       |       |     3 |       |     2 |     6 |     6 ||    17
         Scroll            |       |       |       |    12 |    14 |     5 |     5 ||    36
   Stab: Distracted        |       |       |       |       |       |     2 |     1 ||     3
 Armour: Animal skin       |    36 |     6 |       |       |       |       |       ||    42
         Plate armour      |       |    39 |   125 |   206 |   408 |   571 |   245 ||  1594
  Dodge: Dodged            |    71 |    46 |    83 |   218 |   296 |   329 |   186 ||  1229
  Block: Other             |       |       |     1 |     6 |       |       |       ||     7
         Buckler           |       |       |       |   263 |   479 |       |       ||   742
         Reflection        |       |       |       |    12 |    54 |    32 |    54 ||   152
         Tower shield      |       |       |       |       |   160 |  1014 |   592 ||  1766
         Orb               |       |       |       |       |       |     8 |       ||     8
